SA
HAMMOND HERONS @ HOGSMEADE CAULDRONS
08/10/2025
 
TOP OF THE 1ST
Hammond Herons batting - Pitching for Hogsmeade Cauldrons : RHP Fernando Villarreal
Pitching: RHP Fernando Villarreal
Batting: RHB Sergio Pérez 0-0: Ball
1-0: Ball
2-0: SINGLE (Groundball, 56D)
Batting: RHB José Chávez 0-0: Ball
1-0: Foul Ball, location: 2F
1-1: Ball
2-1: Fly out, F9 (Flyball, 9)
Batting: RHB José Jarca 0-0: Ball
Sergio Pérez steals 2nd base
1-0: Called Strike
1-1: Ball
2-1: Foul Ball, location: 2F
2-2: Foul Ball, location: 2F
2-2: Strikes out swinging
Batting: RHB Manuel Guillama 0-0: Ball
1-0: Called Strike
1-1: Ball
2-1: Ball
3-1: Foul Ball, location: 2F
3-2: Strikes out swinging
Top of the 1st over - 0 run(s), 1 hit(s), 0 error(s), 1 left on base; Hammond 0 - Hogsmeade 0
BOTTOM OF THE 1ST
Hogsmeade Cauldrons batting - Pitching for Hammond Herons : RHP Ernest Hawks
Pitching: RHP Ernest Hawks
Batting: RHB Robinson Barquero 0-0: Ball
1-0: Foul Ball, location: 2F
1-1: Bunt missed!
1-2: Foul Ball, location: 2F
1-2: Strikes out swinging
Batting: RHB Jorge Gómez 0-0: Ground out 6-3 (Groundball, 56)
Batting: LHB Ignacio Medine 0-0: Ball
1-0: Called Strike
1-1: Ball
2-1: Ball
3-1: Base on Balls
Batting: RHB Héctor Casas 0-0: Ball
1-0: Called Strike
1-1: Swinging Strike
1-2: Ball
2-2: Hit by Pitch
Ignacio Medine to second
Batting: LHB Austin Hathaway 0-0: DOUBLE (Flyball, 7LD)
Ignacio Medine scores
Héctor Casas to third
Runner from 3rd tries for Home, SAFE, throw made home
Batting: RHB Mitchell Westerbos 0-0: Ball
1-0: Called Strike
1-1: Called Strike
1-2: DOUBLE (Line Drive, 7LM)
Austin Hathaway scores
Batting: LHB Tyler Knopp 0-0: SINGLE (Flyball, 7LS)
Mitchell Westerbos to third
Runner from 3rd tries for Home, SAFE, no throw
Batting: LHB Jim Unknown 0-0: Ball
1-0: Ground out 6-3 (Groundball, 6M)
Bottom of the 1st over - 4 run(s), 3 hit(s), 0 error(s), 1 left on base; Hammond 0 - Hogsmeade 4
TOP OF THE 2ND
Hammond Herons batting - Pitching for Hogsmeade Cauldrons : RHP Fernando Villarreal
Batting: RHB Jay Hood 0-0: Called Strike
0-1: Ball
1-1: Foul Ball, location: 2F
1-2: Ball
2-2: Foul Ball, location: 2F
2-2: Strikes out swinging, 2-3 out at first.
Batting: RHB Fernando Martínez 0-0: SINGLE (Groundball, 6M) (infield hit)
Batting: LHB Rubén Aracil 0-0: Ball
1-0: Ball
2-0: Ball
3-0: Base on Balls
Fernando Martínez to second
Batting: RHB Mark Frisby 0-0: Swinging Strike
0-1: Fielders Choice at 2nd, 6-4 (Groundball, 6)
Fernando Martínez to third
Batting: RHB Jean Lechuga 0-0: SINGLE (Line Drive, 34D)
Fernando Martínez scores
Mark Frisby to second
Runner from 2nd tries for 3rd, SAFE, throw made to third
Batting: RHB Sergio Pérez 0-0: Fly out, F6 (Line Drive, 6MD)
Top of the 2nd over - 1 run(s), 2 hit(s), 0 error(s), 2 left on base; Hammond 1 - Hogsmeade 4
BOTTOM OF THE 2ND
Hogsmeade Cauldrons batting - Pitching for Hammond Herons : RHP Ernest Hawks
Batting: RHB Jorge Ramos 0-0: Called Strike
0-1: SINGLE (Groundball, 4M) (infield hit)
Batting: RHB Robinson Barquero 0-0: Ball
1-0: Called Strike
1-1: Foul Ball, location: 2F
1-2: SINGLE (Groundball, 6S) (infield hit)
Jorge Ramos to second
Batting: RHB Jorge Gómez 0-0: Ball
1-0: Called Strike
1-1: Swinging Strike
1-2: Strikes out looking
Batting: LHB Ignacio Medine 0-0: Called Strike
Throwing error on steal attempt, E2
Jorge Ramos scores
Robinson Barquero to third
0-1: Swinging Strike
0-2: Ball
1-2: Ball
2-2: Strikes out swinging
Batting: RHB Héctor Casas 0-0: Called Strike
0-1: Ball
1-1: Swinging Strike
1-2: Ball
2-2: Strikes out looking
Bottom of the 2nd over - 1 run(s), 2 hit(s), 1 error(s), 1 left on base; Hammond 1 - Hogsmeade 5
TOP OF THE 3RD
Hammond Herons batting - Pitching for Hogsmeade Cauldrons : RHP Fernando Villarreal
Batting: RHB José Chávez 0-0: Ball
1-0: Ball
2-0: Called Strike
2-1: SINGLE (Line Drive, 4MD)
Batting: RHB José Jarca 0-0: Ball
1-0: Fielders Choice at 2nd, 6-4 (Groundball, 6)
Batting: RHB Manuel Guillama 0-0: Called Strike
0-1: Ball
1-1: Ball
2-1: Ball
3-1: Base on Balls
José Jarca to second
Batting: RHB Jay Hood 0-0: Called Strike
0-1: Ball
1-1: Fly out, F9 (Flyball, 9S)
Batting: RHB Fernando Martínez 0-0: Called Strike
0-1: Foul Ball, location: 2F
0-2: Strikes out swinging
Top of the 3rd over - 0 run(s), 1 hit(s), 0 error(s), 2 left on base; Hammond 1 - Hogsmeade 5
BOTTOM OF THE 3RD
Hogsmeade Cauldrons batting - Pitching for Hammond Herons : RHP Ernest Hawks
Batting: LHB Austin Hathaway 0-0: Ball
1-0: Ball
2-0: Foul Ball, location: 2F
2-1: Foul Ball, location: 2F
2-2: Ball
3-2: Base on Balls
Batting: RHB Mitchell Westerbos 0-0: Foul Ball, location: 2F
0-1: Ball
1-1: Foul Ball, location: 2F
1-2: Strikes out swinging
Batting: LHB Tyler Knopp 0-0: Called Strike
0-1: Called Strike
0-2: Ground out 4-3 (Groundball, 34)
Austin Hathaway to second
Batting: LHB Jim Unknown 0-0: Ball
1-0: Called Strike
1-1: Called Strike
1-2: Ball
2-2: Ball
3-2: Base on Balls
Batting: RHB Jorge Ramos 0-0: Called Strike
0-1: Ground out 5-3 (Groundball, 56S)
Bottom of the 3rd over - 0 run(s), 0 hit(s), 0 error(s), 2 left on base; Hammond 1 - Hogsmeade 5
TOP OF THE 4TH
Hammond Herons batting - Pitching for Hogsmeade Cauldrons : RHP Fernando Villarreal
Batting: LHB Rubén Aracil 0-0: Ball
1-0: Ball
2-0: Called Strike
2-1: Fly out, F7 (Flyball, 7)
Batting: RHB Mark Frisby 0-0: SINGLE (Groundball, 34D)
Batting: RHB Jean Lechuga 0-0: Foul Ball, location: 2F
0-1: Foul Ball, location: 2F
0-2: Strikes out looking
Batting: RHB Sergio Pérez 0-0: Ball
Mark Frisby steals 2nd base
1-0: Ball
2-0: Ball
3-0: Called Strike
3-1: Called Strike
3-2: Foul Ball, location: 2F
3-2: Ground out 6-3 (Groundball, 6M)
Top of the 4th over - 0 run(s), 1 hit(s), 0 error(s), 1 left on base; Hammond 1 - Hogsmeade 5
BOTTOM OF THE 4TH
Hogsmeade Cauldrons batting - Pitching for Hammond Herons : RHP Ernest Hawks
Batting: RHB Robinson Barquero 0-0: Called Strike
0-1: Foul Ball, location: 2F
0-2: Ball
1-2: SINGLE (Groundball, 4S) (infield hit)
Batting: RHB Jorge Gómez 0-0: Ball
1-0: Ball
2-0: Ground out 4-3 (Groundball, 4M)
Robinson Barquero to second
Batting: LHB Ignacio Medine 0-0: Ball
1-0: Swinging Strike
1-1: Ball
2-1: Foul Ball, location: 2F
2-2: Ball
3-2: Base on Balls
Batting: RHB Héctor Casas 0-0: Fly out, F7 (Flyball, 7LS)
Batting: LHB Austin Hathaway 0-0: Ball
1-0: Called Strike
1-1: DOUBLE (Flyball, 8LXD)
Robinson Barquero scores
Ignacio Medine to third
Runner from 3rd tries for Home, SAFE, no throw
Batting: RHB Mitchell Westerbos 0-0: Ball
1-0: SINGLE (Line Drive, 89M)
Austin Hathaway to third
Runner from 3rd tries for Home, SAFE, no throw
Pitching: RHP Herman Guevera
Batting: LHB Tyler Knopp Pickoff Throw to First - Error! E1
Mitchell Westerbos to second
0-0: Called Strike
0-1: SINGLE (Groundball, 34) (infield hit)
Mitchell Westerbos to third
Pinch Runner at 1st Jim Unknown:
Batting: LHB Jim Unknown 0-0: Called Strike
0-1: Ball
1-1: Ball
2-1: Foul Ball, location: 2F
2-2: Foul Ball, location: 2F
2-2: Fielders Choice at 2nd, 4-6 (Groundball, 34)
Bottom of the 4th over - 3 run(s), 4 hit(s), 1 error(s), 1 left on base; Hammond 1 - Hogsmeade 8
TOP OF THE 5TH
Hammond Herons batting - Pitching for Hogsmeade Cauldrons : RHP Fernando Villarreal
Now at SS: Jim Unknown
Batting: RHB José Chávez 0-0: Ball
1-0: Swinging Strike
1-1: Ball
2-1: SINGLE (Line Drive, 34D)
Batting: RHB José Jarca Pickoff Throw to First - Out!
0-0: Called Strike
0-1: Ground out 5-3 (Groundball, 5)
Batting: RHB Manuel Guillama 0-0: Ball
1-0: Swinging Strike
1-1: Ball
2-1: Called Strike
2-2: Strikes out swinging
Top of the 5th over - 0 run(s), 1 hit(s), 0 error(s), 0 left on base; Hammond 1 - Hogsmeade 8
BOTTOM OF THE 5TH
Hogsmeade Cauldrons batting - Pitching for Hammond Herons : RHP Herman Guevera
Batting: RHB Jorge Ramos 0-0: SINGLE (Groundball, 56) (infield hit)
Batting: RHB Robinson Barquero 0-0: Foul Ball, location: 2F
0-1: Ball
1-1: Foul Ball, location: 2F
1-2: Ball
2-2: Ball
3-2: Foul Ball, location: 2F
3-2: Foul Ball, location: 2F
3-2: Fly out, F5 (Line Drive, 5)
Batting: RHB Jorge Gómez 0-0: Called Strike
0-1: Called Strike
0-2: Ball
1-2: Strikes out swinging
Batting: LHB Ignacio Medine 0-0: Called Strike
0-1: Called Strike
0-2: Ball
1-2: Ball
2-2: Ball
3-2: Foul Ball, location: 2F
3-2: Foul Ball, location: 2F
3-2: SINGLE (Flyball, 4MD)
Jorge Ramos to second
Jorge Ramos to third
Batting: RHB Héctor Casas 0-0: Called Strike
0-1: Ball
1-1: Swinging Strike
1-2: Ball
2-2: Strikes out swinging
Bottom of the 5th over - 0 run(s), 2 hit(s), 0 error(s), 2 left on base; Hammond 1 - Hogsmeade 8
TOP OF THE 6TH
Hammond Herons batting - Pitching for Hogsmeade Cauldrons : RHP Fernando Villarreal
Batting: RHB Jay Hood 0-0: Ball
1-0: Called Strike
1-1: SINGLE (Flyball, 7S)
Batting: RHB Fernando Martínez 0-0: Called Strike
0-1: Called Strike
0-2: Foul Ball, location: 2F
0-2: Strikes out swinging
Batting: LHB Rubén Aracil 0-0: Called Strike
Throwing error on steal attempt, E2
Jay Hood to third
0-1: Ball
1-1: Ball
2-1: Swinging Strike
2-2: Foul Ball, location: 2F
2-2: Strikes out swinging, 2-3 out at first.
Pitching: RHP Darryl Bachman
Batting: RHB Mark Frisby 0-0: Ground out 5-3 (Groundball, 56S)
Top of the 6th over - 0 run(s), 1 hit(s), 1 error(s), 1 left on base; Hammond 1 - Hogsmeade 8
BOTTOM OF THE 6TH
Hogsmeade Cauldrons batting - Pitching for Hammond Herons : RHP Herman Guevera
Batting: LHB Austin Hathaway 0-0: Called Strike
0-1: Ball
1-1: Ball
2-1: Ground out 4-3 (Groundball, 4M)
Batting: RHB Mitchell Westerbos 0-0: Ball
1-0: Called Strike
1-1: Ball
2-1: SINGLE (Groundball, 4MD)
Batting: RHB Jim Unknown 0-0: Swinging Strike
0-1: Foul Ball, location: 2F
0-2: Foul Ball, location: 2F
0-2: Foul Ball, location: 2F
0-2: SINGLE (Line Drive, 56D)
Mitchell Westerbos to second
Batting: LHB Jim Unknown 0-0: Ball
1-0: Swinging Strike
1-1: Grounds into double play, 1-6-3 (Groundball, 13)
Bottom of the 6th over - 0 run(s), 2 hit(s), 0 error(s), 1 left on base; Hammond 1 - Hogsmeade 8
TOP OF THE 7TH
Hammond Herons batting - Pitching for Hogsmeade Cauldrons : RHP Darryl Bachman
Batting: RHB Jean Lechuga 0-0: Fly out, F9 (Flyball, 89M)
Batting: RHB Sergio Pérez 0-0: Called Strike
0-1: Called Strike
0-2: Ball
1-2: Ball
2-2: Ball
3-2: Foul Ball, location: 2F
3-2: Ground out 4-3 (Groundball, 4)
Batting: RHB José Chávez 0-0: Foul Ball, location: 2F
0-1: Ball
1-1: Ball
2-1: SINGLE (Line Drive, 56)
Batting: RHB José Jarca 0-0: Ball
1-0: Ball
2-0: Called Strike
2-1: Called Strike
2-2: Strikes out swinging
Top of the 7th over - 0 run(s), 1 hit(s), 0 error(s), 1 left on base; Hammond 1 - Hogsmeade 8
BOTTOM OF THE 7TH
Hogsmeade Cauldrons batting - Pitching for Hammond Herons : RHP Herman Guevera
Batting: RHB Jorge Ramos 0-0: Called Strike
0-1: Ball
1-1: Foul Ball, location: 2F
1-2: Strikes out swinging
Batting: RHB Robinson Barquero 0-0: Called Strike
0-1: Foul Ball, location: 2F
0-2: Fly out, F8 (Line Drive, 78M)
Batting: RHB Jorge Gómez 0-0: Ball
1-0: Ground out 5-3 (Groundball, 56S)
Bottom of the 7th over - 0 run(s), 0 hit(s), 0 error(s), 0 left on base; Hammond 1 - Hogsmeade 8
TOP OF THE 8TH
Hammond Herons batting - Pitching for Hogsmeade Cauldrons : RHP Darryl Bachman
Batting: RHB Manuel Guillama 0-0: Foul Ball, location: 2F
0-1: Ball
1-1: SINGLE (Flyball, 8LS)
Batting: RHB Jay Hood 0-0: Ball
1-0: Fly out, F8 (Line Drive, 8LS)
Now in CF: Cody Skillings
Batting: RHB Fernando Martínez 0-0: Called Strike
0-1: SINGLE (Groundball, 6MD)
Manuel Guillama to second
Batting: LHB Rubén Aracil 0-0: Ball
1-0: Called Strike
1-1: Ball
2-1: Foul Ball, location: 2F
2-2: Foul Ball, location: 2F
2-2: Strikes out swinging
Batting: RHB Mark Frisby 0-0: DOUBLE (Line Drive, 78M)
Manuel Guillama scores
Fernando Martínez to third
Runner from 3rd tries for Home, SAFE, no throw
Batting: RHB Jean Lechuga 0-0: Called Strike
0-1: Foul Ball, location: 2F
0-2: Ball
1-2: Ball
2-2: Foul Ball, location: 2F
2-2: Foul Ball, location: 2F
2-2: Foul Ball, location: 2F
2-2: SINGLE (Groundball, 6MD)
Mark Frisby to third
Runner from 3rd tries for Home, SAFE, no throw
Pitching: RHP José Morales
Batting: RHB Sergio Pérez 0-0: Swinging Strike
0-1: Ball
1-1: Fly out, F8 (Flyball, 8LM)
Top of the 8th over - 3 run(s), 4 hit(s), 0 error(s), 1 left on base; Hammond 4 - Hogsmeade 8
BOTTOM OF THE 8TH
Hogsmeade Cauldrons batting - Pitching for Hammond Herons : RHP Herman Guevera
Pitching: RHP Mario Gonzáles
Batting: LHB Ignacio Medine 0-0: Ball
1-0: Swinging Strike
1-1: Ball
2-1: Called Strike
2-2: Strikes out swinging
Batting: RHB Héctor Casas 0-0: Ball
1-0: Ball
2-0: Ball
3-0: Called Strike
3-1: Called Strike
3-2: Ground out 6-3 (Groundball, 6)
Batting: LHB Austin Hathaway 0-0: Ball
1-0: Called Strike
1-1: SOLO HOME RUN (Flyball, 9D), Distance : 413 ft
Batting: RHB Mitchell Westerbos 0-0: Foul Ball, location: 2F
0-1: Called Strike
0-2: Ball
1-2: Strikes out swinging
Bottom of the 8th over - 1 run(s), 1 hit(s), 0 error(s), 0 left on base; Hammond 4 - Hogsmeade 9
TOP OF THE 9TH
Hammond Herons batting - Pitching for Hogsmeade Cauldrons : RHP José Morales
Batting: RHB José Chávez 0-0: Ball
1-0: SINGLE (Groundball, 34D)
Batting: RHB José Jarca 0-0: Ball
1-0: Called Strike
1-1: SINGLE (Groundball, 34D)
José Chávez to second
Runner from 2nd tries for 3rd, SAFE, no throw
Batting: RHB Manuel Guillama 0-0: Foul Ball, location: 2F
0-1: SINGLE (Groundball, 56D)
José Chávez scores
José Jarca to second
Pitching: RHP Pancho Ortíz
Batting: RHB Jay Hood 0-0: Ball
1-0: Ball
2-0: Hit by Pitch
José Jarca to third
Manuel Guillama to second
Pinch Hitting: LHB Jim Unknown 0-0: Ball
1-0: Called Strike
1-1: Ball
2-1: Foul Ball, location: 2F
2-2: Fly out, F6 (Line Drive, 6)
Batting: LHB Rubén Aracil 0-0: Ball
1-0: Ball
2-0: Called Strike
2-1: Swinging Strike
2-2: Strikes out looking
Pinch Hitting: LHB Stanley Belote 0-0: Ball
1-0: Ball
2-0: Called Strike
2-1: Ground out 3-1 (Groundball, 34)
Top of the 9th over - 1 run(s), 3 hit(s), 0 error(s), 3 left on base; Hammond 5 - Hogsmeade 9
Friday, December 30th, 2016 - OOTP Baseball 17.12 Build 75